Map: Mech-Depot LE

Players

Panda

  • Race: Zerg Zerg
  • League: Platinum
  • Spawn Location: 1:00

Prohibited - Winner!

  • Race: Protoss Protoss
  • Spawn Location: 7:00

VOD

Have the link to the VOD?

Description

Time

  • Played on: Sept. 5, 2017, 1:19 p.m.
  • Length: 6:11
Show
View Real Time Build Order
Export as new Build Order

Panda Zerg 

Build Orders: Pool Only 

Get SALT Encoding   

  12  0:01  Drone  
  13  0:23  Spawning Pool  
  13  0:26  Drone  
  13  0:31  Drone  
  13  0:34  Extractor  
  14  0:35  Drone  
  14  0:44  Overlord  
  14  0:53  Extractor  
  14  0:54  Drone  
  14  1:09  Drone  
  15  1:15  Roach Warren  
  14  1:21  Zergling x4  
  16  1:55  Roach  
  16  1:56  Roach x2  
  22  2:06  Overlord  
  22  2:35  Ravager x3  
  25  2:38  Zergling x4  
  26  2:53  Roach  
  26  2:54  Roach  
  25  3:50  Roach x2  
  28  4:16  Ravager  
  29  4:19  Overlord x2  
  29  4:38  Roach  
  29  4:39  Roach  
  28  4:57  Roach x2  
  21  5:23  Roach  
  21  5:24  Roach  
Show
View Real Time Build Order
Export as new Build Order

Prohibited Protoss - Winner!

Build Orders:  

Get SALT Encoding   

  12  0:01  Probe (Chrono Boost)  
  13  0:12  Probe (Chrono Boost)  
  14  0:24  Pylon  
  14  0:29  Probe (Chrono Boost)  
  14  0:31  Assimilator  
  16  0:43  Probe (Chrono Boost)  
  16  0:53  Probe (Chrono Boost)  
  16  0:54  Gateway  
  17  1:04  Probe (Chrono Boost)  
  18  1:14  Probe (Chrono Boost)  
  19  1:25  Probe (Chrono Boost)  
  20  1:35  Probe (Chrono Boost)  
  21  1:42  Cybernetics Core, Zealot  
  21  1:45  Forge  
  23  1:57  Pylon  
  23  2:02  Pylon  
  23  2:20  Adept  
  25  2:23  Warp Gate  
  25  2:26  Mothership Core (Chrono Boost)  
  26  2:42  Gateway  
  26  2:43  Gateway  
  26  2:46  Pylon  
  26  2:50  Adept  
  28  2:55  Probe (Chrono Boost)  
  29  3:27  Adept  
  31  3:38  Adept x2  
  35  3:54  Adept  
  37  4:05  Zealot  
  41  4:10  Assimilator  
  41  4:14  Protoss Ground Weapons Level 1  
  41  4:21  Zealot  
  39  4:46  Stalker x2  
  43  5:13  Pylon  
  43  5:17  Pylon  
  43  5:20  Pylon  
  43  5:35  Probe (Chrono Boost), Stalker x2  
  46  5:45  Probe (Chrono Boost)  
  45  5:56  Probe (Chrono Boost)  
  46  5:57  Pylon  
  46  6:06  Nexus, Stalker x3  
  46  6:09  Assimilator  
Tags
 
League
Platinum
Matchup
PvZ
Opening
Pool Only
Replay Pack
replays1
Spawn Locations
Cross Positions
Add a new tag
Caveats
  • Supply blocks, unpowered buildings, or Contaminate may cause inaccurate times.
  • Supply counts are checked every 10 seconds.